Map: Terraform LE (Void)

Players

wabbajack

  • Race: Zerg Zerg
  • League: Gold

MontyG - Winner!

  • Race: Zerg Zerg
  • League: Gold

VOD

Have the link to the VOD?

Description

Time

  • Played on: July 21, 2015, 7:18 p.m.
  • Length: 8:50
Show
View Real Time Build Order
Export as new Build Order

wabbajack Zerg 

Build Orders: Hatch First, Zergling Baneling 

Get SALT Encoding   

  12  0:02  Drone  
  13  0:13  Overlord  
  13  0:19  Drone  
  14  0:25  Extractor  
  14  0:26  Drone  
  15  0:38  Drone  
  15  0:39  Drone  
  17  0:57  Hatchery  
  17  1:02  Drone  
  17  1:06  Extractor  
  17  1:09  Drone x2  
  18  1:33  Spawning Pool  
  18  1:37  Drone x2  
  19  1:40  Extractor  
  19  1:41  Drone  
  19  1:51  Drone  
  20  2:04  Overlord  
  20  2:20  Queen  
  20  2:21  Queen  
  24  2:25  Drone x3  
  24  2:28  Drone  
  28  2:37  Metabolic Boost  
  28  2:43  Drone  
  28  2:44  Drone  
  30  2:53  Baneling Nest  
  29  3:05  Drone x2  
  31  3:06  Drone x2  
  31  3:08  Drone  
  31  3:09  Drone  
  35  3:36  Spine Crawler  
  35  3:38  Pneumatized Carapace  
  35  3:39  Overlord x2  
  35  3:40  Overlord  
  34  4:00  Zergling x2  
  34  4:01  Zergling x14  
  34  4:39  Zergling x2  
  34  4:40  Zergling x22  
  46  4:51  Baneling x3  
  46  4:52  Baneling x2  
  46  4:53  Baneling x2  
  46  4:54  Baneling x2  
  46  5:02  Baneling x2  
  46  5:18  Queen  
  46  5:19  Queen  
  36  5:32  Zergling x2  
  36  5:33  Zergling x10  
  37  6:01  Lair  
  37  6:03  Overlord x2  
  37  6:06  Roach Warren  
  37  6:10  Evolution Chamber  
  35  6:22  Drone  
  35  6:23  Drone x3  
  35  6:24  Drone  
  35  6:25  Evolution Chamber  
  39  6:38  Zerg Ground Armor Level 1  
  39  6:46  Drone x4  
  43  6:49  Drone  
  43  6:51  Drone  
  43  6:53  Drone  
  46  7:06  Overseer  
  46  7:10  Zergling x2  
  46  7:11  Zergling x4  
  46  7:12  Zergling x2  
  50  7:20  Zergling x8  
  54  7:23  Overlord x2  
  54  7:34  Drone  
  54  7:36  Drone  
  56  7:38  Drone x3  
  56  7:41  Drone  
  56  7:43  Drone x3  
  63  7:46  Extractor x2  
  61  7:52  Baneling x4  
  61  7:53  Baneling  
  61  7:57  Baneling  
  61  7:58  Baneling x2  
Show
View Real Time Build Order
Export as new Build Order

MontyG Zerg - Winner!

Build Orders: Pool First, Lurkers 

Get SALT Encoding   

  12  0:01  Drone  
  13  0:08  Drone  
  14  0:18  Overlord  
  14  0:24  Extractor  
  14  0:25  Drone  
  14  0:39  Drone  
  15  0:45  Spawning Pool  
  15  0:47  Drone  
  15  0:52  Drone  
  15  0:56  Drone  
  17  1:07  Drone  
  18  1:16  Overlord  
  18  1:27  Drone  
  18  1:32  Queen  
  21  1:34  Metabolic Boost  
  21  1:40  Drone  
  22  1:57  Drone  
  23  2:04  Drone  
  23  2:07  Hatchery, Extractor  
  22  2:24  Drone x2  
  24  2:31  Overlord  
  24  2:34  Lair  
  24  2:40  Zergling x2  
  24  2:41  Zergling x2  
  24  2:43  Overlord  
  26  2:45  Zergling x2  
  26  2:49  Zergling x2  
  28  2:55  Drone  
  29  3:08  Drone  
  30  3:22  Zergling x12  
  34  3:30  Queen  
  34  3:33  Extractor  
  35  3:36  Hydralisk Den  
  34  3:43  Drone x3  
  37  3:52  Drone x3  
  38  4:11  Drone x4  
  38  4:12  Drone  
  42  4:18  Drone x2  
  42  4:21  Lurker Den  
  41  4:24  Drone  
  41  4:25  Spine Crawler  
  41  4:29  Zergling x2  
  41  4:31  Zergling x6  
  43  4:43  Zergling x6  
  46  4:47  Overlord  
  46  4:56  Hydralisk x2  
  46  4:59  Zergling x4  
  52  5:08  Hydralisk x2  
  52  5:12  Queen  
  58  5:15  Overseer  
  58  5:19  Pneumatized Carapace  
  53  5:34  Hydralisk x3  
  59  5:40  Overlord x2  
  59  5:42  Drone x2  
  44  6:14  Extractor  
  44  6:18  Drone x6  
  49  6:26  Lurker x2  
  49  6:29  Lurker  
  49  6:32  Lurker  
  54  6:40  Drone x3  
  54  6:43  Zergling x2  
  57  7:04  Hydralisk x3  
  57  7:05  Hydralisk x2  
  67  7:11  Spore Crawler  
  67  7:14  Spine Crawler  
  65  7:15  Drone  
  65  7:16  Drone  
  67  7:23  Hydralisk  
  67  7:29  Drone, Roach Warren  
  69  7:44  Hydralisk x3  
  75  8:15  Overlord x4  
  75  8:16  Overlord  
  75  8:32  Hatchery  
Tags
 
Add a new tag
Caveats
  • Supply blocks, unpowered buildings, or Contaminate may cause inaccurate times.
  • Supply counts are checked every 10 seconds.